 Dungeon Crawl Stone Soup version 0.20-a0-9-g62d82d9 (webtiles) character file.

78 JeffiDaFish the Shield-Bearer (level 4, 0/28 HPs)
             Began as a Gargoyle Fighter on Nov 2, 2016.
             Slain by a goblin (5 damage)
             ... led by Robin
             ... on level 2 of the Dungeon.
             The game lasted 00:04:17 (1015 turns).

JeffiDaFish the Shield-Bearer (Gargoyle Fighter)    Turns: 1015, Time: 00:04:17

Health: 0/28       AC: 10    Str: 21    XL:     4   Next: 36%
Magic:  4/4        EV:  7    Int:  8    God:
Gold:   44         SH:  9    Dex:  9    Spells: 0 memorised, 3 levels left

rFire  . . .     SeeInvis .     a - +1 rapier
rCold  . . .     Gourm    .     b - +0 scale mail
rNeg   + . .     Faith    .     c - +0 shield
rPois  ∞         Spirit   .     (no helmet)
rElec  +         Reflect  .     (no cloak)
rCorr  .         Harm     .     (no gloves)
MR     .....                    (no boots)
Stlth  +.........               (no amulet)
                                (no ring)
                                e - ring of stealth

@: no status effects
A: negative energy resistance 1, electricity resistance, unbreathing,
petrification resistance, rot immunity, AC +3
a: no special abilities


You were on level 2 of the Dungeon.
You were not hungry.

You visited 1 branch of the dungeon, and saw 2 of its levels.

You collected 44 gold pieces.

Inventory:

Hand Weapons
 a - a +1 rapier (weapon)
Armour
 b - a +0 scale mail (worn)
 c - a +0 shield (worn)
Jewellery
 e - a ring of stealth (left hand)
Potions
 d - 2 potions of might
 i - 2 potions of haste
Comestibles
 f - a bread ration
 g - a chunk of flesh
 h - a beef jerky
 j - a royal jelly


   Skills:
 + Level 3.6 Fighting
 + Level 2.9 Short Blades
 + Level 3.8 Armour
 + Level 0.4 Dodging
 + Level 0.2 Stealth
 + Level 3.8 Shields


You had 3 spell levels left.
You didn't know any spells.

Dungeon Overview and Level Annotations

Branches:
Dungeon (2/15)

Altars:

Annotations:
D:2 Robin


Innate Abilities, Weirdness & Mutations

You are resistant to torment.
Your stone body is resilient. (AC +3)
You are immune to poison.
You resist negative energy. (rN+)
You are resistant to electric shocks. (rElec)
You can survive without breathing.
You are immune to petrification.
You are immune to rotting.


Message History

The goblin hits you but does no damage. The adder bites you but does no damage.
The goblin hits you but does no damage. The hobgoblin closely misses you.
You barely miss the goblin. The adder bites you but does no damage.
You block the goblin's attack.
Robin roars a battlecry!
The hobgoblin goes into a battle-frenzy!
You block the hobgoblin's attack. The goblin hits you but does no damage.
You puncture the goblin!
You kill the goblin!
You block the adder's attack. The goblin barely misses you.
Robin throws the goblin at you!
* * * LOW HITPOINT WARNING * * *
The hobgoblin hits you but does no damage.
The adder bites you.
* * * LOW HITPOINT WARNING * * *
You aren't carrying any spellbooks or scrolls.
You hit the goblin.
You kill the goblin!
The goblin hits you.
You die...

... .. #####.#
....#..
.##(.#.
(.....)##
#g.g# ##gg###
##@S.#########
##).##......#
#..........#
##.##......#
#.######.##
#.# #..######
#.## ##....##.
#..# ###..##.
##.# #.....


You could see Robin, an adder, a hobgoblin and 2 goblins.

Vanquished Creatures
  3 adders (D:2)
  2 leopard geckos
  2 giant cockroaches
  14 goblins
  3 hobgoblins
  7 jackals (D:1)
  2 kobolds
  3 bats (D:1)
  2 frilled lizards (D:1)
  5 rats
43 creatures vanquished.

Notes
Turn   | Place    | Note
-------+----------+-------------------------------------------
     0 | D:1      | JeffiDaFish the Gargoyle Fighter began the quest for the Orb.
     0 | D:1      | Reached XP level 1. HP: 14/14 MP: 1/1
   123 | D:1      | Reached XP level 2. HP: 19/19 MP: 2/2
   428 | D:1      | Reached XP level 3. HP: 23/23 MP: 3/3
   988 | D:2      | Reached XP level 4. HP: 24/28 MP: 4/4
   989 | D:2      | Noticed Robin
  1015 | D:2      | Slain by a goblin

Vault maps used:
D:1:      matt_arrival_spirals
D:2:      first_bread, grunt_gozag_breadcrumbs, uniq_robin

Skill      XL: |  1  2 |
---------------+-------+-----
Short Blades   | 2 |  2.9
Fighting       | |  3.6
Armour         | |  3.8
Dodging        | |  0.4
Stealth        | |  0.2
Shields        | |  3.8

Action                   |  1- 3 |  4- 6 || total
-------------------------+-------+-------++-------
Melee: Rapier            |   125 |    25 ||   150
  Use: Potion            |     4 |       ||     4
       Scroll            |     3 |       ||     3
  Eat: Chunk             |     1 |       ||     1
Armor: Scale mail        |    68 |    42 ||   110
Dodge: Dodged            |    47 |    24 ||    71
Block: Shield            |    59 |    36 ||    95
